Description

You want a new all-in in PvT? Try this Protoss build order! It's a strong DT / zealot all-in!

This build order is really powerful and hard to stop before GM league. The goal is to open with a DT drop (you can win many game with this drop) then to do a strong blink DT / Chargelot push. Blink DT are good because you can go through the wall and you can block the terran army. All the video is based on a ladder gameplay of StarCraft 2.

Notes :

  • 2 stalkers opening is good against almost every opening.
  • Obs then warp prism is really safe
  • When you drop, be careful in your base. Some terrans timings are the same as your DT drop
  • Try to do a "sandwich": Block the army between DT and zealot using blink DT Blink research is really long. Make it as soon have you have the dark shrine (research is really long)

VOD

https://youtu.be/zOD_jsrngvw

Replay - llllllllllll v zuka - Eternal Empire LE

Build Order

Get SALT Encoding   

  12  0:01  Probe  
  13  0:13  Probe  
  14  0:17  Pylon  
  14  0:25  Probe (Chrono Boost)  
  16  0:36  Probe (Chrono Boost)  
  16  0:38  Gateway  
  16  0:42  Probe  
  16  0:49  Assimilator  
  17  0:54  Probe (Chrono Boost)  
  18  1:06  Probe (Chrono Boost)  
  19  1:14  Probe (Chrono Boost)  
  20  1:20  Probe  
  21  1:29  Cybernetics Core  
  21  1:40  Nexus  
  21  1:47  Pylon  
  21  1:49  Probe  
  22  1:54  Assimilator  
  22  2:04  Stalker (Chrono Boost)  
  25  2:10  Warp Gate  
  26  2:26  Stalker  
  29  2:36  Twilight Council  
  30  2:45  Shield Battery  
  34  3:07  Robotics Facility  
  36  3:23  Dark Shrine  
  38  3:35  Gateway x2  
  40  3:52  Assimilator  
  40  3:54  Observer (Chrono Boost)  
  43  3:59  Pylon  
  45  4:11  Warp Prism (Chrono Boost)  
  46  4:21  Pylon  
  48  4:26  Gateway x2  
  49  4:34  Assimilator  
  49  4:35  Charge (Chrono Boost)  
  49  4:38  Shadow Stride  
  49  4:42  Pylon  
  49  4:52  Dark Templar  
  51  4:54  Immortal  
  51  4:58  Dark Templar  
  57  5:04  Gateway x2  
  56  5:12  Gateway  
  56  5:29  Dark Templar x2  
  56  5:30  Zealot x3  
  66  5:40  Gateway x2  
  66  5:54  Dark Templar  
  68  5:59  Dark Templar  
  68  6:00  Zealot x3  
  74  6:07  Zealot  
  78  6:30  Zealot x3  
  84  7:18  Dark Templar x2  
  88  7:27  Archon x2  
Spawning Tool Build Advisor. Get it on Overwolf

Go to:

Details

  • Created by: zuka      
  • Published on: Dec 20, 2019
  • Modified on: Dec 20, 2019
  • Patch: 4.11.0
Show
View Real Time Build Order
Export as new Build Order

Comments (0)

There are no comments. Be the first!

Create an account to comment!